 Dungeon Crawl Stone Soup version 0.27.1-34-g3ba077fa99 (webtiles) character file.

Game seed: 11266485887617976508

2142 alasdair19 the Protected (level 9, -7/77 HPs)
             Began as a Minotaur Fighter on Jan 23, 2022.
             Mangled by Pikel (18 damage)
             ... on level 7 of the Dungeon.
             The game lasted 00:11:12 (6422 turns).

alasdair19 the Protected (Minotaur Fighter)         Turns: 6422, Time: 00:11:12

Health: -7/77      AC: 12    Str: 23    XL:     9   Next: 9%
Magic:  8/8        EV:  7    Int:  6    God:
Gold:   330        SH: 11    Dex: 16    Spells: 8/8 levels left

rFire    . . .     SeeInvis .   a - +1 long sword
rCold    . . .     Faith    .   c - +0 kite shield
rNeg     . . .     Spirit   .   h - +0 chain mail
rPois    .         Reflect  .   (helmet restricted)
rElec    .         Harm     .   i - +0 cloak
rCorr    .         Rampage  .   (no gloves)
Will     .....                  (no boots)
Stlth    ..........             (no amulet)
HPRegen  0.22/turn              g - +6 ring of dexterity
MPRegen  0.11/turn              (no ring)

@: no status effects
A: horns 2, retaliatory headbutt
a: no special abilities


You were on level 7 of the Dungeon.
You visited 2 branches of the dungeon, and saw 8 of its levels.

You collected 360 gold pieces.
You spent 30 gold pieces at shops.

Inventory:

Hand Weapons
 a - a +1 long sword (weapon)
Missiles
 v - 38 poisoned darts (quivered)
Armour
 c - a +0 kite shield (worn)
 h - a +0 chain mail (worn)
 i - a +0 cloak (worn)
Jewellery
 g - a +6 ring of dexterity (left hand)
 r - a ring of fire
Wands
 l - a wand of flame (17)
 m - a wand of polymorph (3)
 o - a wand of digging (2)
 u - a wand of iceblast (10)
Scrolls
 b - 3 scrolls of noise {unknown}
 d - a scroll of enchant weapon
 j - 2 scrolls of immolation {unknown}
 k - 6 scrolls of teleportation
 p - a scroll of amnesia {unknown}
 q - a scroll of vulnerability {unknown}
 t - a scroll of summoning {unknown}
Potions
 e - a potion of haste
 f - 4 potions of curing
 n - a potion of resistance
 s - a potion of invisibility
 w - a potion of cancellation
 x - a potion of magic {unknown}
 z - a potion of flight {unknown}
 A - a potion of brilliance {unknown}
 B - a potion of lignification {unknown}


   Skills:
 + Level 6.3 Fighting
 + Level 8.7 Long Blades
 + Level 0.4 Throwing
 + Level 8.8 Armour
 + Level 7.5 Shields
 + Level 1.0 Unarmed Combat


You had 8 spell levels left.
You didn't know any spells.
Your spell library contained the following spells:

 Spells                   Type           Power      Damage    Failure   Level
 Animate Skeleton         Necr           0%         N/A       100%        1
 Apportation              Tloc           0%         N/A       100%        1
 Corona                   Hex            0%         N/A       100%        1
 Foxfire                  Conj/Fire      0%         2x1d4     100%        1
 Summon Small Mammal      Summ           0%         N/A       100%        1
 Conjure Flame            Conj/Fire      0%         6-21      100%        3
 Ignite Poison            Fire/Tmut/Pois 0%         N/A       100%        3
 Inner Flame              Hex/Fire       0%         N/A       100%        3
 Mephitic Cloud           Conj/Pois/Air  0%         N/A       100%        3
 Tukima's Dance           Hex            0%         N/A       100%        3
 Passage of Golubria      Tloc           N/A        N/A       100%        4
 Sticky Flame             Conj/Fire      0%         2d3       100%        4
 Bolt of Magma            Conj/Fire/Erth 0%         4d4       100%        5
 Yara's Violent Unravell  Hex/Tmut       0%         3d3       100%        5


Dungeon Overview and Level Annotations

Branches:
Dungeon (7/15)             Temple (1/1) D:4

Altars:
Cheibriados
Elyvilon
Fedhas
Gozag
Hepliaklqana
Nemelex Xobeh
Qazlal
Ru
Sif Muna
Trog
Uskayaw
Vehumet
Yredelemnul
Zin
The Shining One

Shops:
D:6 *

Annotations:
D:3 1 runed translucent door, Zappman123's ghost, novice PaAK
D:7 Pikel


Innate Abilities, Weirdness & Mutations

You have a pair of horns on your head.
You reflexively headbutt those who attack you in melee.


Message History

You closely miss Pikel. The lemure hits you.
Pikel hits you with a +0 whip of electrocution.
You are electrocuted!
A lemure comes into view.
You hit Pikel but do no damage. You headbutt Pikel!
Pikel is moderately wounded.
The lemure hits you. Pikel hits you but does no damage.
You are electrocuted!!
You hit Pikel. Your headbutt misses Pikel.
Pikel is moderately wounded.
The lemure hits you. Pikel closely misses you.
You riposte.
You barely miss Pikel. Your headbutt misses Pikel.
Pikel is moderately wounded.
You hit Pikel.
Pikel is heavily wounded.
The lemure barely misses you. You block Pikel's attack.
The lemure hits you but does no damage.
You closely miss Pikel. You headbutt Pikel.
Pikel is heavily wounded.
The lemure barely misses you. You furiously retaliate!
You headbutt the lemure! Pikel hits you but does no damage.
The lemure hits you but does no damage.
You hit Pikel but do no damage.
Pikel is heavily wounded.
You block the lemure's attack. You block Pikel's attack. The lemure hits you.
You slash Pikel! Your headbutt misses Pikel.
Pikel is almost dead.
The lemure hits you.
Pikel says, "You'll rust in Dis!"
Pikel closely misses you. The lemure hits you.
* * * LOW HITPOINT WARNING * * *
The lemure barely misses you.
You closely miss Pikel.
Pikel is almost dead.
The lemure hits you but does no damage. You block Pikel's attack.
The lemure barely misses you. x2; You furiously retaliate!
You headbutt the lemure.
You riposte.
You barely miss the lemure.
The lemure is lightly wounded.
Pikel hits you with a +0 whip of electrocution!
* * * LOW HITPOINT WARNING * * *
You are electrocuted!!
You die...

.. ..# .. ...# .
.##..# .. .!...
...#### ...###
......5##.....##
#....55.......#
#...5K@<.....#
.....##....#..#
... ........# .
##......##
###...## ###.#
##


You could see Pikel and 4 lemures.

Vanquished Creatures
  A wraith (D:6)
  Sigmund (D:3)
  Edmund (D:6)
  An acid dragon (D:5)
  A black bear (D:6)
  An ice beast (D:5)
  A necrophage (D:6)
  2 ogres
  2 centaurs (D:5)
  A phantom (D:5)
  3 scorpions
  A water moccasin skeleton (D:6)
  A howler monkey (D:6)
  A bullfrog skeleton (D:6)
  A centaur skeleton (D:5)
  2 hounds
  A jelly (D:4)
  Crazy Yiuf (D:3)
  2 gnoll shamans
  3 iguanas
  Natasha (thrice) (D:3)
  A hound skeleton (D:4)
  10 gnolls
  12 adders
  5 dart slugs
  7 orcs
  9 ball pythons
  2 endoplasms
  9 goblins
  5 hobgoblins
  5 jackals
  9 kobolds
  5 quokkas
  7 bats
  2 frilled lizards (D:1)
  A rat (D:3)
120 creatures vanquished.

Vanquished Creatures (others)
  An orc (D:5)
1 creature vanquished.

Grand Total: 121 creatures vanquished

Notes
Turn   | Place    | Note
-------+----------+-------------------------------------------
     0 | D:1      | alasdair19 the Minotaur Fighter began the quest for the
                  | Orb.
     0 | D:1      | Reached XP level 1. HP: 19/19 MP: 0/0
   267 | D:1      | Reached XP level 2. HP: 27/27 MP: 1/1
   824 | D:2      | Reached XP level 3. HP: 33/33 MP: 2/2
  1073 | D:2      | Reached XP level 4. HP: 40/40 MP: 3/3
  1449 | D:3      | Noticed Sigmund
  1464 | D:3      | Killed Sigmund
  1465 | D:3      | Reached skill level 5 in Armour
  1465 | D:3      | Reached skill level 5 in Shields
  1465 | D:3      | Reached XP level 5. HP: 40/47 MP: 4/4
  1484 | D:3      | Reached XP level 6. HP: 39/53 MP: 5/5
  1519 | D:3      | Found a runed translucent door.
  1520 | D:3      | Noticed Crazy Yiuf
  1527 | D:3      | Killed Crazy Yiuf
  1635 | D:3      | Found a glowing silver altar of Zin.
  1826 | D:3      | Found a basalt altar of Yredelemnul.
  1989 | D:3      | Found a glowing golden altar of the Shining One.
  1991 | D:3      | Found a radiant altar of Vehumet.
  2049 | D:3      | Found a runed translucent door.
  2050 | D:3      | Noticed Zappman123's ghost (novice PaAK)
  2086 | D:3      | Noticed Natasha
  2096 | D:3      | Killed Natasha
  2097 | D:3      | Reached skill level 5 in Long Blades
  2178 | D:3      | Noticed Natasha
  2194 | D:3      | Killed Natasha
  2394 | D:3      | Noticed Natasha
  2401 | D:3      | Killed Natasha
  2934 | D:4      | Reached XP level 7. HP: 60/60 MP: 6/6
  3110 | D:4      | Found a snail-covered altar of Cheibriados.
  3222 | D:4      | Found a staircase to the Ecumenical Temple.
  3233 | Temple   | Entered the Ecumenical Temple
  3433 | D:5      | Entered Level 5 of the Dungeon
  3447 | D:5      | Reached skill level 5 in Fighting
  3876 | D:5      | Reached skill level 1 in Unarmed Combat
  4412 | D:5      | Reached XP level 8. HP: 43/69 MP: 7/7
  5516 | D:6      | Found Paeg Odaluru's General Store.
  5563 | D:6      | Bought a scroll of identify for 30 gold pieces
  5638 | D:6      | Reached XP level 9. HP: 75/75 MP: 8/8
  5717 | D:6      | Noticed Edmund
  6069 | D:6      | Killed Edmund
  6413 | D:7      | Noticed Pikel
  6422 | D:7      | Mangled by Pikel

Illustrated notes

Levels and vault maps discovered:
D:1:      lemuel_arrival_tunnels, layout_basic,
          wander_ebering_terrifying_dragon_lair
D:2:      layout_rooms, serial_corexii_hall, corexii_hall_statues_x,
          corexii_hall_statues_i, corexii_hall_statues_l, grunt_ministairs_6
D:3:      layout_basic, general_overflow_altar,
          mainiacjoe_overflow_surrounded_room, minitemple,
          ebering_ghost_reflecting_pool, uniq_crazy_yiuf_cottage, uniq_natasha,
          uniq_sigmund
D:4:      layout_loops_ring, mainiacjoe_overflow_six_doors_small,
          minmay_temple_entry_poolview, kennysheep_generic_room_15
D:5:      layout_basic, minmay_divided_ellipse
D:6:      layout_basic, supply_closet_lemuel, kennysheep_windowed_goal,
          uniq_edmund
D:7:      layout_cave_pools, uniq_pikel
Temple:   zaba_magenta_temple

Skill      XL: |  1  2  3  4  5  6  7  8 |
---------------+-------------------------+-----
Shields        | 4 5 6 7 |  7.5
Armour         | 4 5 7 8 |  8.8
Fighting       | 4 5 6 |  6.3
Long Blades    | 3 4 5 6 8 |  8.7
Unarmed Combat | 1 |  1.0
Throwing       | |  0.4

Action                   |  1- 3 |  4- 6 |  7- 9 || total
-------------------------+-------+-------+-------++-------
Melee: Long sword        |    54 |   108 |   198 ||   360
       Headbutt          |    11 |    19 |    67 ||    97
       Unarmed           |       |    13 |       ||    13
Throw: Dart              |       |       |     7 ||     7
  Use: Scroll            |       |    10 |     2 ||    12
       Potion            |       |     1 |     2 ||     3
Armor: Chain mail        |    35 |    42 |    87 ||   164
       Scale mail        |     1 |       |       ||     1
       Skin              |       |     1 |       ||     1
Dodge: Dodged            |    12 |    27 |    50 ||    89
Block: Kite shield       |    45 |    58 |   122 ||   225
       Rpst.: Long sword |     2 |     5 |    11 ||    18
